 Dungeon Crawl Stone Soup version 0.28-a0-1435-g82390b3a13 (webtiles) character file.

Game seed: 781187777291698703

82 Hasart the Skirmisher (level 4, 0/31 HPs)
             Began as an Octopode Fighter on Jan 10, 2022.
             Succumbed to an adder's poison
             ... on level 2 of the Dungeon.
             The game lasted 00:01:32 (1002 turns).

Hasart the Skirmisher (Octopode Fighter)            Turns: 1002, Time: 00:01:34

Health: 0/31       AC:  1    Str: 17    XL:     4   Next: 43%
Magic:  4/4        EV: 13    Int: 10    God:
Gold:   65         SH:  4    Dex: 11    Spells: 3/3 levels left

rFire   . . .      SeeInvis .   a - +0 trident
rCold   . . .      Faith    .   b - +0 buckler
rNeg    . . .      Spirit   .   (helmet restricted)
rPois   .          Reflect  .   (no amulet)
rElec   .          Harm     .   (no ring)
rCorr   .          Rampage  .   (no ring)
Will    .....                   (no ring)
Stlth   ++........              (no ring)
HPRegen 0.10/turn               (no ring)
MPRegen 0.09/turn               (no ring)
                                (no ring)
                                (no ring)

@: lethally poisoned (0 -> -6), attractive
A: almost no armour, amphibious, 8 rings, camouflage 1, gelatinous body 1,
(nimble swimmer 1), tentacles
a: no special abilities


You were on level 2 of the Dungeon.
You visited 1 branch of the dungeon, and saw 2 of its levels.

You collected 65 gold pieces.

Inventory:

Hand Weapons
 a - a +0 trident (weapon)
Armour
 b - a +0 buckler (worn)
Scrolls
 d - 4 scrolls of immolation {unknown}
 g - a scroll of identify {unknown}
Potions
 c - a potion of might
 e - a potion of heal wounds {unknown}
 f - a potion of attraction


   Skills:
 + Level 3.5 Fighting
 * Level 3.2 Polearms
 + Level 3.4 Dodging
 + Level 3.4 Shields


You had 3 spell levels left.
You didn't know any spells.
Your spell library was empty.

Dungeon Overview and Level Annotations

Branches:
Dungeon (2/15)

Altars:


Innate Abilities, Weirdness & Mutations

You cannot wear most types of armour.
You are amphibious.
You can wear up to eight rings at the same time.
Your skin changes colour to match your surroundings (Stealth+).
Your rubbery body absorbs attacks. (AC +1, EV +1)
((You are camouflaged when in or above water. (Stealth+)))
You have tentacles for arms and can constrict up to eight enemies at once.


Message History

Things that are here:
a +0 dagger; a goblin corpse The adder hisses angrily.
The frilled lizard hisses angrily.
Items here: ( ) ? †.
An adder is nearby!
You closely miss the adder. Your grab misses the adder.
Your squeeze misses the adder. The adder bites you.
You are poisoned.
The adder poisons you! The adder closely misses you.
You completely miss the adder. You grab the adder. You constrict the adder.
You feel sick. The adder closely misses you. The frilled lizard bites you.
You hit the adder but do no damage.
The adder is moderately wounded.
You constrict the adder.
You feel sick. The adder bites you.
You are more poisoned.
The adder poisons you! The frilled lizard closely misses you.
The adder bites you. You block the frilled lizard's attack.
You hit the adder but do no damage.
The adder is moderately wounded.
You constrict the adder.
You feel sick. The adder bites you.
You are more poisoned.
The adder poisons you! The frilled lizard misses you. The adder bites you.
You barely miss the adder.
The adder is almost dead.
You constrict the adder.
You kill the adder!
* * * LOW HITPOINT WARNING * * *
You feel very sick. The frilled lizard barely misses you.
You barely miss the frilled lizard. Your grab misses the frilled lizard.
* * * LOW HITPOINT WARNING * * *
You feel sick. The frilled lizard bites you.
* * * LOW HITPOINT WARNING * * *
You miss the frilled lizard. Your grab misses the frilled lizard.
* * * LOW HITPOINT WARNING * * *
You feel sick.
You block the frilled lizard's attack. x2
Unknown command.
It was a potion of attraction.
You feel attractive to monsters.
You die...

#...##.#..####
..#......†.....#
........)......#
........<).....#
......#.########
......#.##...##
...#. #)#.....##
># .. #.......$#
.. #..@l....#
?.............#
...####.....##
... .......# ..
.......# .
#.......#
##.....##
##...##


You could see a frilled lizard.

Vanquished Creatures
  Natasha (twice) (D:2)
  An adder (D:2)
  2 endoplasms (D:1)
  2 giant cockroaches
  3 goblins
  A hobgoblin (D:1)
  2 ball pythons
  5 bats (D:1)
  A frilled lizard (D:2)
  6 kobolds
  2 rats
27 creatures vanquished.

Notes
Turn   | Place    | Note
-------+----------+-------------------------------------------
     0 | D:1      | Hasart the Octopode Fighter began the quest for the Orb.
     0 | D:1      | Reached XP level 1. HP: 16/16 MP: 1/1
   242 | D:1      | Reached XP level 2. HP: 21/21 MP: 2/2
   379 | D:1      | Found a faded altar of an unknown god.
   570 | D:2      | Noticed Natasha
   575 | D:2      | Noticed a crimson imp
   580 | D:2      | Killed Natasha
   581 | D:2      | Reached XP level 3. HP: 10/26 MP: 3/3
   602 | D:2      | Noticed Natasha
   609 | D:2      | Killed Natasha
   610 | D:2      | Reached XP level 4. HP: 8/31 MP: 4/4
  1002 | D:2      | Succumbed to an adder's poison

Illustrated notes

Levels and vault maps discovered:
D:1:      amcnicky_arrival_gap_in_the_tavern_cellar, layout_basic,
          hellmonk_ecumenical_altar_crossroads, minmay_pentomino_z4
D:2:      layout_rooms, uniq_natasha, uniq_robin, uniq_crazy_yiuf_cottage

Skill      XL: |  1  2  3 |
---------------+----------+-----
Polearms       | 3 |  3.2
Fighting       | |  3.5
Dodging        | |  3.4
Shields        | |  3.4

Action                   |  1- 3 |  4- 6 || total
-------------------------+-------+-------++-------
Melee: Trident           |    39 |    24 ||    63
       Constrict         |     8 |     5 ||    13
       Tentacles         |     4 |     3 ||     7
       Punch             |     1 |       ||     1
  Use: Potion            |       |     1 ||     1
 Stab: Sleeping          |     3 |       ||     3
Armor: Skin              |     4 |     3 ||     7
Dodge: Dodged            |    33 |    18 ||    51
Block: Buckler           |     6 |     8 ||    14

Table legend: (Time is in decaauts)
 A = Elapsed time spent in this place.
 B = Non-inter-level travel time spent in this place.
 C = Inter-level travel time spent in this place.
 D = Time resting spent in this place.
 E = Time spent auto-exploring this place.
 F = Levels seen in this place.
 G = Mean time per level.
                   A        B        C        D        E       F      G
               +--------+--------+--------+--------+--------+-----+--------+
         Total |   1015 |    998 |     17 |    361 |    458 |   2 |  507.5 |
       Dungeon |   1015 |    998 |     17 |    361 |    458 |   2 |  507.5 |
               +--------+--------+--------+--------+--------+-----+--------+

Top non-repeatable levels by time:
     D:1: 831 daAuts
     D:2: 184 daAuts
